 Dungeon Crawl Stone Soup version 0.25.0-45-g978344163c (webtiles) character file.

Game seed: 4629607337211158929

248604 cantrip the Impaler (level 20, -1/131 HPs)
             Began as a Formicid Fighter on July 11, 2020.
             Was the Champion of Okawaru.
             Slain by an acid blob (29 damage)
             ... on level 3 of the Pits of Slime on July 12, 2020.
             The game lasted 03:26:15 (44282 turns).

cantrip the Impaler (Formicid Fighter)             Turns: 44282, Time: 03:26:16

Health: -1/131     AC: 17    Str: 32      XL:     20   Next: 36%
Magic:  0/20       EV: 12    Int: 12 (16) God:    Okawaru [******]
Gold:   2221       SH:  0    Dex:  8      Spells: 19/19 levels left

rFire    . . .     SeeInvis +   p - +12 glaive "Hiasastosad" {flame, Str+3 Int+2}
rCold    . . .     Gourm    .   Z - +1 tower shield {reflect}
rNeg     . . .     Faith    .   A - +3 plate armour
rPois    +         Spirit   +   (helmet unavailable)
rElec    .         Reflect  +   D - +1 cloak {rPois}
rCorr    +         Harm     .   b - +1 pair of gloves
MR       ++...                  s - +0 pair of boots
Stlth    ..........             V - amulet of guardian spirit
HPRegen  0.31/turn              W - ring of resist corrosion
MPRegen  0.17/turn              x - ring "Zotem" {Str+6 Int+5}

@: confused, corroded, studying Stealth
A: permanent stasis, dig shafts and tunnels, four strong arms, antennae 3,
clumsy 1, deformed body, dopey 1, frail 2, weak 2, subdued magic 1
}: 2/15 runes: decaying, serpentine
a: Dig, Shaft Self, Heroism, Finesse, Renounce Religion


You were on level 3 of the Pits of Slime.
You worshipped Okawaru.
Okawaru was exalted by your worship.
You were not hungry.

You visited 5 branches of the dungeon, and saw 33 of its levels.

You collected 2221 gold pieces.

Inventory:

Hand Weapons
 p - the +12 glaive "Hiasastosad" (weapon) {flame, Str+3 Int+2}
   (You found it on level 5 of the Lair of Beasts)

   It has been specially enchanted to burn those struck by it, causing extra
   injury to most foes and up to half again as much damage against particularly
   susceptible opponents.
   Big, fiery blades are also staple armaments of hydra-hunters.
   It affects your strength (+3).
   It affects your intelligence (+2).
 Y - the +8 lajatang "Oraq Tui" {holy, rPois rF+ Int+4}
   (You found it on level 14 of the Dungeon)

   It has been blessed by the Shining One to cause great damage to the undead
   and demons.
   It affects your intelligence (+4).
   It protects you from fire.
   It protects you from poison.
Armour
 b - a +1 pair of gloves (worn)
 s - a +0 pair of boots (worn)
 A - a +3 plate armour (worn)
 B - a scarf of resistance
 D - a +1 cloak of poison resistance (worn)
 N - a +2 tower shield of positive energy
 Z - a +1 tower shield of reflection (worn)
Jewellery
 m - an uncursed ring of protection from cold
 x - the ring "Zotem" (right hand) {Str+6 Int+5}
   (You found it on level 2 of the Snake Pit)

   [ring of strength]

   It affects your strength (+6).
   It affects your intelligence (+5).
 L - an uncursed ring of positive energy
 Q - a +6 ring of strength
 V - an amulet of guardian spirit (around neck)
 W - a ring of resist corrosion (left hand)
Wands
 a - a wand of clouds (17)
 l - a wand of polymorph (36)
 n - a wand of enslavement (40)
 y - a wand of disintegration (32)
 E - a wand of acid (14)
 J - a wand of iceblast (23)
 O - a wand of digging (5)
 P - a wand of flame (11)
 T - a wand of paralysis (18)
Scrolls
 c - a scroll of holy word
 e - 23 scrolls of remove curse
 h - 6 scrolls of amnesia
 i - 9 scrolls of enchant weapon
 o - 3 scrolls of fog
 q - 5 scrolls of magic mapping
 u - 5 scrolls of enchant armour
 z - 2 scrolls of vulnerability {unknown}
 C - 3 scrolls of summoning
 F - 4 scrolls of fear
 I - a scroll of identify
 R - a scroll of brand weapon {unknown}
Potions
 d - 9 potions of might
 j - 3 potions of heal wounds
 k - a potion of magic {unknown}
 r - a potion of invisibility {unknown}
 t - 2 potions of resistance
 v - 3 potions of flight
 H - a potion of ambrosia
 K - a potion of lignification {unknown}
 M - 3 potions of stabbing
 S - 7 potions of brilliance
 X - 4 potions of curing
Books
 w - a manual of Stealth
Miscellaneous
 G - a lightning rod (4/4)
Comestibles
 f - 34 rations


   Skills:
 * Level 15.7 Fighting
   Level 3.1 Long Blades
 * Level 20.0 Polearms
 * Level 14.0 Armour
 * Level 11.1 Dodging
 + Level 1.4 Stealth
 * Level 18.1 Shields
 + Level 1.0 Invocations
 + Level 0.4 Evocations


You had 19 spell levels left.
You didn't know any spells.
Your spell library contained the following spells:

 Spells                   Type           Power        Failure   Level  Hunger
 Beastly Appendage        Tmut           #.....       83%         1    ##.....
 Foxfire                  Conj/Fire      #...         83%         1    ##.....
 Freeze                   Ice            #...         83%         1    ##.....
 Sandblast                Erth           #.....       83%         1    ##.....
 Shock                    Conj/Air       #...         83%         1    ##.....
 Summon Small Mammal      Summ           #...         83%         1    ##.....
 Call Imp                 Summ           #.......     93%         2    ###....
 Passwall                 Tmut/Erth      #.......     93%         2    ###....
 Poisonous Vapours        Pois/Air       #.....       93%         2    ###....
 Shroud of Golubria       Chrm/Tloc      #.....       93%         2    ###....
 Sticks to Snakes         Tmut           #.......     93%         2    ###....
 Call Canine Familiar     Summ           #.......     99%         3    ####...
 Conjure Flame            Conj/Fire      #.......     99%         3    ####...
 Frozen Ramparts          Ice            #.....       99%         3    ####...
 Gell's Gravitas          Tloc           #.........   99%         3    ####...
 Inner Flame              Hex/Fire       #.......     99%         3    ####...
 Lesser Beckoning         Tloc           #.........   99%         3    ####...
 Mephitic Cloud           Conj/Pois/Air  #.......     99%         3    ####...
 Ozocubu's Armour         Chrm/Ice       #.......     99%         3    ####...
 Spider Form              Tmut/Pois      #.........   99%         3    ####...
 Static Discharge         Conj/Air       #.......     99%         3    ####...
 Stone Arrow              Conj/Erth      #.....       99%         3    ####...
 Summon Guardian Golem    Hex/Summ       #.......     99%         3    ####...
 Teleport Other           Tloc           #.......     99%         3    ####...
 Airstrike                Air            #.........   100%        4    #####..
 Hailstorm                Conj/Ice       #.......     100%        4    #####..
 Ice Form                 Ice/Tmut       #.......     100%        4    #####..
 Passage of Golubria      Tloc           N/A          100%        4    #####..
 Petrify                  Tmut/Erth      #.......     100%        4    #####..
 Sticky Flame             Conj/Fire      #.......     100%        4    #####..
 Summon Ice Beast         Ice/Summ       #.......     100%        4    #####..
 Summon Lightning Spire   Summ/Air       #.......     100%        4    #####..
 Blade Hands              Tmut           #.........   100%        5    ######.
 Fireball                 Conj/Fire      #.........   100%        5    ######.
 Lee's Rapid Deconstruct  Erth           #.........   100%        5    ######.
 Lightning Bolt           Conj/Air       #.........   100%        5    ######.
 Metabolic Englaciation   Hex/Ice        #.........   100%        5    ######.
 Freezing Cloud           Conj/Ice/Air   #.........   100%        6    #######
 Hydra Form               Tmut           #.........   100%        6    #######
 Ozocubu's Refrigeration  Ice            #.........   100%        6    #######
 Simulacrum               Ice/Necr       #.........   100%        6    #######
 Statue Form              Tmut/Erth      #........    100%        6    #######
 Ring of Flames           Chrm/Fire      #.........   100%        7    #######
 Blink                    Tloc           Unusable     N/A         2    N/A
 Swiftness                Chrm/Air       Unusable     N/A         2    N/A

Dungeon Overview and Level Annotations

Branches:
Dungeon (15/15)            Temple (0/1) D:7            Lair (6/6) D:8
  Swamp (4/4) Lair:4        Snake (4/4) Lair:2        Slime (4/5) Lair:5
    Orc (0/2) D:11         Vaults (0/5) D:14         Depths (0/5) D:15

Altars:
Ashenzari
Cheibriados
Fedhas
Gozag
Nemelex Xobeh
Okawaru
Ru
Sif Muna
Trog
Uskayaw
Vehumet
Wu Jian
Xom
Yredelemnul
Zin
The Shining One
Jiyva

Shops:
D:5 %


Innate Abilities, Weirdness & Mutations

You cannot be hasted, slowed, berserked, paralysed or teleported.
You can dig through walls and to a lower floor.
Your four strong arms can wield two-handed weapons with a shield.
You have a pair of large antennae on your head. (SInv)
You are clumsy. (Dex -2)
Armour fits poorly on your strangely shaped body.
You are dopey. (Int -2)
You are very frail. (-20% HP)
You are very weak. (Str -4)
Your spells are a little easier to cast, but a little less powerful.


Message History

The acid blob hits you!! The acid corrodes you!
You are splashed with acid.
You resist.
You chop the golden eye into pieces!!! You burn the golden eye.
You kill the golden eye!
Okawaru accepts your kill. The acid blob closely misses you.
The great orb of eyes bites you!
The acid blob hits you but does no damage.
You slice the acid blob!! You burn the acid blob!
Your hands burn!
The acid blob is moderately wounded.
The great orb of eyes bites you but does no damage.
You barely miss the great orb of eyes. The acid blob hits you.
* * * LOW HITPOINT WARNING * * *
You are splashed with acid.
You resist.
* * * LOW HITPOINT WARNING * * *
The great orb of eyes barely misses you.
Unknown command.
You are splashed with acid!
You resist.
* * * LOW HITPOINT WARNING * * *
The acid blob hits you!!
You die...

# ##...........<..#....
###.##....................
##.............#...........
#....##.............#......
##..###.....................
#...##...............#...#..
#....##....>....#...........
#...............#......###.
##.#......#@................
#.........#J.G...........#..
##.#........>...............
#...#.....#.........<......#
##.###...###................
## #..## #............#...
#...# #......###.......
##... #.....###........
##.## ##.....###.......


You could see an acid blob and a great orb of eyes.

Vanquished Creatures
  Nikola (Swamp:2)
  The ghost of Imoorr the Blocker, an adept FoFi of Jiyva (Swamp:1)
  The ghost of Nys Cevy the Brawler, an adept TrFi of Qazlal (Snake:4)
  7 acid blobs
  A thorn hunter (Swamp:2)
  The ghost of Rediskos the Severer, an adept HOFi of Makhleb (Snake:1)
  Roxanne (Snake:1)
  14 nagarajas
  5 azure jellies
  Aizul (Snake:2)
  The ghost of Ysuot the Spear-Bearer, a journeyman OpWn of Okawaru (Swamp:2)
  The ghost of Vuotul the Destroyer, a journeyman GrFE of Dithmenos (Lair:6)
  6 great orbs of eyes
  2 death oozes
  25 hydras
  10 naga warriors
  2 centaur warriors (D:15)
  3 shambling mangroves (Swamp:3)
  A vault guard (D:14)
  12 anacondas
  3 ghost crabs
  A two-headed ogre (D:10)
  12 alligators
  A tengu warrior (D:13)
  17 naga sharpshooters
  4 shock serpents
  Sonja (Lair:5)
  An unseen horror (D:12)
  2 glowing orange brains
  8 naga ritualists
  2 wizards (D:14)
  An orange crystal statue (D:12)
  12 swamp dragons
  5 mana vipers
  2 wolf spiders (Lair:6)
  2 spectral alligators (Swamp:1)
  2 ugly things
  6 shining eyes
  2 cyclopes
  2 deep elf magi
  A manticore (D:11)
  7 salamanders
  16 elephants
  30 black mambas
  4 centaur zombies
  An eye of devastation (Slime:3)
  A guardian serpent (shapeshifter) (D:15)
  7 guardian serpents
  26 spiny frogs
  26 naga magi
  A gargoyle (D:11)
  An efreet (D:15)
  4 rime drakes
  6 komodo dragons
  A yaktaur (D:14)
  A kobold demonologist (D:13)
  4 trolls
  The ghost of Kagalorn the Slasher, an amateur HOGl (D:4)
  8 tyrant leeches
  3 meliai (D:15)
  13 hornets
  A polar bear (Lair:1)
  Grinder (D:3)
  21 blink frogs
  17 hippogriffs
  15 bog bodies
  94 slime creatures
  2 redbacks (Lair:6)
  Sigmund (D:3)
  4 shadows
  A centaur simulacrum (D:13)
  A vampire (D:10)
  5 spriggans
  Eustachio (D:6)
  2 wraiths
  34 yaks
  16 wyverns
  19 humans (D:14)
  A steam dragon (D:8)
  4 basilisks
  10 vampire mosquitoes
  A hungry ghost (D:10)
  24 golden eyes
  13 insubstantial wisps
  39 nagas
  An acid dragon (D:13)
  30 water moccasins
  16 swamp worms
  7 porcupines
  10 orc warriors
  4 black bears
  2 ice beasts
  4 eyes of draining
  5 phantoms
  An alligator simulacrum (Swamp:1)
  13 swamp drakes
  3 sky beasts
  An eye of draining (shapeshifter) (D:13)
  13 wolves
  4 necrophages
  11 ogres
  14 centaurs
  A spriggan simulacrum (Swamp:1)
  A tyrant leech simulacrum (Swamp:1)
  9 crocodiles
  2 big kobolds
  22 bullfrogs
  A wyvern zombie (D:7)
  2 spiny frog simulacra (Swamp:1)
  A wyvern skeleton (D:8)
  6 scorpions
  2 howler monkeys (D:12)
  6 wights
  2 electric eels (D:11)
  6 crimson imps
  6 jellies
  A quasit (D:12)
  10 hounds
  4 orc priests
  2 bullfrog zombies (D:12)
  9 orc wizards
  7 centaur skeletons
  4 bullfrog skeletons
  6 iguanas
  2 spectral swamp drakes (Swamp:1)
  7 worker ants
  A hound zombie (D:9)
  A hound skeleton (D:4)
  A mummy (D:9)
  A worker ant zombie (D:9)
  Robin (D:3)
  18 adders
  5 gnolls
  A shadow imp (D:10)
  A swamp drake simulacrum (Swamp:1)
  An adder zombie (D:7)
  An adder skeleton (D:5)
  2 worms
  A dart slug (D:1)
  11 leopard geckos
  50 orcs
  7 giant cockroaches
  15 goblins
  10 hobgoblins
  10 jackals
  5 quokkas
  2 ball pythons
  6 bats
  5 frilled lizards
  18 kobolds
  2 leopard gecko skeletons
  2 leopard gecko zombies (D:7)
  2 quokka zombies
  8 rats
  A bush (D:14)
  7 plants
1125 creatures vanquished.

Vanquished Creatures (others)
  A deep elf mage (D:15)
  A hornet (Swamp:4)
  2 gnolls (D:2)
  A bat (D:2)
  A giant cockroach (D:2)
  A goblin (D:2)
  2 rats (D:2)
  A bush (Swamp:4)
  42 fungi
  27 plants
79 creatures vanquished.

Grand Total: 1204 creatures vanquished

Notes
Turn   | Place    | Note
-------+----------+-------------------------------------------
     0 | D:1      | cantrip the Formicid Fighter began the quest for the Orb.
     0 | D:1      | Reached XP level 1. HP: 18/18 MP: 1/1
    73 | D:1      | Reached XP level 2. HP: 24/24 MP: 2/2
   227 | D:1      | Found a sparkling altar of Nemelex Xobeh.
   372 | D:1      | Reached XP level 3. HP: 29/29 MP: 3/3
   729 | D:2      | Found a radiant altar of Vehumet.
   911 | D:2      | Reached XP level 4. HP: 26/37 MP: 4/4
  1065 | D:2      | Found an ornate altar of the Wu Jian Council.
  1788 | D:3      | Reached XP level 5. HP: 42/42 MP: 5/5
  1805 | D:3      | Reached skill level 1 in Dodging
  1968 | D:3      | Reached skill level 1 in Stealth
  1984 | D:3      | Noticed Grinder
  1999 | D:3      | Killed Grinder
  1999 | D:3      | Reached skill level 2 in Polearms
  1999 | D:3      | Reached skill level 5 in Shields
  1999 | D:3      | Reached XP level 6. HP: 10/48 MP: 6/6
  2404 | D:3      | Noticed Robin
  2430 | D:3      | Killed Robin
  2430 | D:3      | Reached XP level 7. HP: 45/54 MP: 7/7
  2871 | D:3      | Noticed Sigmund
  2900 | D:3      | Killed Sigmund
  2900 | D:3      | Reached skill level 3 in Polearms
  3111 | D:4      | Reached skill level 4 in Polearms
  3111 | D:4      | Reached XP level 8. HP: 49/61 MP: 8/8
  3179 | D:4      | Found an iron altar of Okawaru.
  3189 | D:4      | Became a worshipper of Warmaster Okawaru
  3290 | D:4      | Reached skill level 5 in Armour
  3323 | D:4      | Reached skill level 5 in Polearms
  3432 | D:4      | Found a shimmering blue altar of Sif Muna.
  3434 | D:4      | Found a shimmering altar of Xom.
  3434 | D:4      | Found a sacrificial altar of Ru.
  3436 | D:4      | Found an opulent altar of Gozag.
  3436 | D:4      | Found a shimmering altar of Xom.
  3436 | D:4      | Found a glowing silver altar of Zin.
  3588 | D:4      | Found a runed translucent gate.
  3589 | D:4      | Found an opulent altar of Gozag.
  3591 | D:4      | Found a runed translucent gate.
  3591 | D:4      | Found a runed translucent gate.
  3592 | D:4      | Noticed Kagalorn's ghost (amateur HOGl)
  3642 | D:4      | Killed Kagalorn's ghost
  3642 | D:4      | Reached * piety under Okawaru
  3642 | D:4      | Reached skill level 5 in Fighting
  4092 | D:5      | Entered Level 5 of the Dungeon
  4132 | D:5      | Reached skill level 6 in Polearms
  4156 | D:5      | Reached XP level 9. HP: 66/68 MP: 9/9
  4167 | D:5      | Found Wet Reo's Food Emporium.
  4793 | D:5      | Found an opulent altar of Gozag.
  4969 | D:6      | Got a shimmering ring mail
  4997 | D:6      | Noticed Eustachio
  5017 | D:6      | Killed Eustachio
  5017 | D:6      | Reached skill level 7 in Polearms
  5091 | D:6      | Reached ** piety under Okawaru
  5113 | D:6      | Found a glowing silver altar of Zin.
  5122 | D:6      | Found a shattered altar of Ashenzari.
  5125 | D:6      | Found a basalt altar of Yredelemnul.
  5136 | D:6      | Found a hide-covered altar of Uskayaw.
  6308 | D:7      | Found a glowing golden altar of the Shining One.
  6326 | D:7      | Reached XP level 10. HP: 67/76 MP: 10/10
  6609 | D:7      | Reached *** piety under Okawaru
  6609 | D:7      | Reached skill level 8 in Polearms
  7006 | D:7      | Found a staircase to the Ecumenical Temple.
  7869 | D:8      | Reached skill level 9 in Polearms
  8203 | D:8      | Found a staircase to the Lair.
  8233 | D:8      | Reached **** piety under Okawaru
  8277 | D:8      | Found a bloodstained altar of Trog.
  8606 | D:8      | Reached XP level 11. HP: 68/84 MP: 11/11
  8730 | D:8      | Found a blossoming altar of Fedhas.
  9103 | D:9      | Got a bloodstained ring mail
  9104 | D:9      | Found a snail-covered altar of Cheibriados.
  9130 | D:9      | Reached skill level 10 in Polearms
  9536 | D:9      | Found a sparkling altar of Nemelex Xobeh.
  9816 | D:10     | Entered Level 10 of the Dungeon
  9868 | D:10     | Received a gift from Okawaru
 10035 | D:10     | Noticed a two-headed ogre
 10048 | D:10     | Killed a two-headed ogre
 10114 | D:10     | Reached ***** piety under Okawaru
 10114 | D:10     | Reached skill level 5 in Dodging
 10952 | D:11     | Received a gift from Okawaru
 10952 | D:11     | Reached skill level 10 in Shields
 10977 | D:11     | Got a buzzing scale mail {god gift}
 10988 | D:11     | Identified the +0 ring mail of the Catamount {rF++ Regen+}
                  | (You found it on level 6 of the Dungeon)
 10998 | D:11     | Identified the +1 scale mail of Lajoy {rF+ rC+++ MR++
                  | Int-2} (Okawaru gifted it to you on level 11 of the
                  | Dungeon)
 11008 | D:11     | Identified the +2 ring mail of the Gloaming {MR+ Slay+5}
                  | (You found it on level 9 of the Dungeon)
 11100 | D:11     | Noticed an eight-headed hydra
 11112 | D:11     | Killed an eight-headed hydra
 11399 | D:11     | Reached skill level 11 in Polearms
 11411 | D:11     | Reached XP level 12. HP: 57/93 MP: 12/12
 12777 | D:11     | Found a staircase to the Orcish Mines.
 13534 | Lair:1   | Entered Level 1 of the Lair of Beasts
 13537 | Lair:1   | Got a masterwork trident
 13538 | Lair:1   | Identified the +6 trident "Warugheqa" {vorpal, Int+7} (You
                  | found it on level 1 of the Lair of Beasts)
 14969 | Lair:2   | Found a staircase to the Snake Pit.
 14989 | Lair:2   | Received a gift from Okawaru
 15056 | Lair:2   | Reached skill level 12 in Polearms
 15252 | Lair:2   | Reached XP level 13. HP: 101/101 MP: 13/13
 16402 | Lair:3   | Reached skill level 10 in Armour
 16750 | Lair:3   | Noticed a six-headed hydra
 16879 | Snake:1  | Entered Level 1 of the Snake Pit
 17325 | Lair:3   | Reached skill level 10 in Fighting
 17598 | Lair:3   | Killed a six-headed hydra
 17704 | Lair:4   | Noticed an eight-headed hydra
 17768 | Lair:4   | Reached skill level 13 in Polearms
 17773 | Lair:4   | Reached ****** piety under Okawaru
 17776 | Lair:4   | Received a gift from Okawaru
 17915 | Lair:4   | Killed an eight-headed hydra
 18532 | Lair:4   | Received a gift from Okawaru
 18555 | Lair:4   | Reached XP level 14. HP: 102/111 MP: 14/14
 18687 | Lair:4   | Found a staircase to the Swamp.
 19260 | Lair:5   | Found a shimmering blue altar of Sif Muna.
 19307 | Lair:5   | Found a viscous altar of Jiyva.
 19308 | Lair:5   | Found a staircase to the Slime Pits.
 19364 | Lair:5   | Got a shimmering glaive
 19366 | Lair:5   | Identified the +12 glaive "Hiasastosad" {flame, Str+3
                  | Int+2} (You found it on level 5 of the Lair of Beasts)
 19486 | Lair:5   | Noticed Sonja
 19537 | Lair:5   | Killed Sonja
 20113 | Lair:5   | Received a gift from Okawaru
 20158 | Lair:6   | Entered Level 6 of the Lair of Beasts
 20415 | Lair:6   | Found a runed translucent gate.
 20415 | Lair:6   | Found a runed translucent gate.
 20415 | Lair:6   | Found a runed translucent gate.
 20436 | Lair:6   | Noticed Vuotul's ghost (journeyman GrFE)
 20516 | Lair:6   | Reached skill level 14 in Polearms
 21188 | Lair:6   | Received a gift from Okawaru
 21198 | Lair:6   | Got a pair of scorched gloves {god gift}
 21209 | Lair:6   | Identified the -6 pair of gloves of Lagawnugh {+Inv Int+2}
                  | (Okawaru gifted it to you on level 6 of the Lair of Beasts)
 21735 | Lair:6   | Found a viscous altar of Jiyva.
 21783 | Lair:6   | Killed Vuotul's ghost
 22787 | D:12     | Reached XP level 15. HP: 120/120 MP: 15/15
 23895 | D:13     | Reached skill level 15 in Polearms
 24166 | D:13     | Found a sacrificial altar of Ru.
 25227 | D:14     | Received a gift from Okawaru
 25313 | D:14     | Found a gate to the Vaults.
 25384 | D:14     | Got an ichor-stained lajatang
 25389 | D:14     | Identified the +8 lajatang "Oraq Tui" {holy, rPois rF+
                  | Int+4} (You found it on level 14 of the Dungeon)
 25416 | D:14     | You fall into a shaft and drop 1 floor!
 25416 | D:15     | Entered Level 15 of the Dungeon
 26331 | D:15     | Found a staircase to the Depths.
 26784 | Swamp:1  | Entered Level 1 of the Swamp
 26808 | Swamp:1  | Found a runed translucent gate.
 26808 | Swamp:1  | Found a runed translucent gate.
 26808 | Swamp:1  | Found a runed translucent gate.
 26811 | Swamp:1  | Noticed Imoorr's ghost (adept FoFi)
 27922 | Swamp:1  | Reached XP level 16. HP: 112/128 MP: 13/16
 28050 | Swamp:1  | Received a gift from Okawaru
 28472 | Swamp:1  | Killed Imoorr's ghost
 28476 | Swamp:1  | Reached skill level 16 in Polearms
 28607 | Swamp:2  | Noticed a thorn hunter
 28623 | Swamp:2  | Killed a thorn hunter
 28763 | Swamp:2  | Noticed Nikola
 28794 | Swamp:2  | Killed Nikola
 29343 | Swamp:2  | Found a runed translucent door.
 29343 | Swamp:2  | Noticed Ysuot's ghost (journeyman OpWn)
 29360 | Swamp:2  | Killed Ysuot's ghost
 29982 | Swamp:3  | Reached skill level 15 in Shields
 30317 | Swamp:3  | Received a gift from Okawaru
 31068 | Swamp:4  | Entered Level 4 of the Swamp
 31181 | Swamp:4  | Received a gift from Okawaru
 31181 | Swamp:4  | Reached XP level 17. HP: 136/136 MP: 17/17
 31205 | Swamp:4  | Reached skill level 17 in Polearms
 31772 | Swamp:4  | Reached skill level 1 in Invocations
 31789 | Swamp:4  | Received a gift from Okawaru
 31825 | Swamp:4  | Got a decaying rune of Zot
 31873 | Swamp:4  | Got a steaming scale mail
 31884 | Swamp:4  | Identified the cursed +1 scale mail "Yraal" {+Inv rPois
                  | Dex-5 Stlth+} (You found it on level 4 of the Swamp)
 32860 | Snake:1  | Found a shimmering blue altar of Sif Muna.
 33016 | Snake:1  | Found a large runed translucent door.
 33016 | Snake:1  | Found a large runed translucent door.
 33017 | Snake:1  | Noticed Rediskos's ghost (adept HOFi)
 33050 | Snake:1  | Killed Rediskos's ghost
 33509 | Snake:1  | Identified Roxanne's Catalogue of Changing
 33509 | Snake:1  | Noticed Roxanne
 33546 | Snake:1  | Killed Roxanne
 33741 | Snake:2  | Received a gift from Okawaru
 33750 | Snake:2  | Reached skill level 18 in Polearms
 33942 | Snake:2  | Reached XP level 18. HP: 145/145 MP: 18/18
 34586 | Snake:2  | Got a bound silver ring
 34954 | Snake:2  | Identified the ring "Zotem" {Str+6 Int+5} (You found it on
                  | level 2 of the Snake Pit)
 34959 | Snake:2  | Noticed Aizul
 34972 | Snake:2  | Killed Aizul
 34972 | Snake:2  | Reached skill level 10 in Dodging
 36171 | Snake:4  | Entered Level 4 of the Snake Pit
 36424 | Snake:4  | Received a gift from Okawaru
 37220 | Snake:4  | Reached XP level 19. HP: 128/153 MP: 19/19
 37258 | Snake:4  | Reached skill level 19 in Polearms
 37472 | Snake:4  | Received a gift from Okawaru
 37606 | Snake:4  | Got a serpentine rune of Zot
 37629 | Snake:4  | Reached skill level 15 in Fighting
 37684 | Snake:4  | Found a runed translucent door.
 37686 | Snake:4  | Noticed Nys Cevy's ghost (adept TrFi)
 37712 | Snake:4  | Killed Nys Cevy's ghost
 38484 | Slime:1  | Entered Level 1 of the Pits of Slime
 38521 | Slime:1  | Gained mutation: Your spells are a little easier to cast,
                  | but a little less powerful. [a shining eye]
 42640 | Slime:1  | Gained mutation: You are frail. (-10% HP) [a shining eye]
 42642 | Slime:1  | Reached XP level 20. HP: 146/146 MP: 20/20
 42953 | Slime:3  | Found a viscous altar of Jiyva.
 43302 | Slime:3  | Received a gift from Okawaru
 43492 | Slime:4  | Gained mutation: You are weak. (Str -2) [a shining eye]
 43519 | Slime:3  | Reached skill level 20 in Polearms
 44033 | Slime:4  | Gained mutation: You are very weak. (Str -4) [a shining
                  | eye]
 44056 | Slime:4  | Gained mutation: You are clumsy. (Dex -2) [a shining eye]
 44057 | Slime:4  | Gained mutation: You are very frail. (-20% HP) [a shining
                  | eye]
 44203 | Slime:4  | Gained mutation: Armour fits poorly on your strangely
                  | shaped body. [a shining eye]
 44204 | Slime:4  | Gained mutation: You are dopey. (Int -2) [a shining eye]
 44282 | Slime:3  | Slain by an acid blob

Illustrated notes

Levels and vault maps discovered:
D:1:      matt_arrival_grand_opening, layout_rooms, nemelex_altar_shiori
D:2:      layout_basic, fiery_altar_vehumet, overflow_temple_1_default,
          first_ration, grunt_decor_one_mirror
D:3:      layout_basic, dk_noncrumbling_4, hangedman_decor_riveting,
          uniq_sigmund, uniq_grinder, uniq_robin
D:4:      layout_loops_ring, okawaru_metal_pillars_1_2, doesnt_xom_only_xom,
          ebering_ghost_gozag
D:5:      layout_gridville, grunt_gozag_statues, serial_shops,
          nicolae_shop_behind_doors, minmay_misc_feat_five
D:6:      layout_layer_cave, grunt_temple_overflow_cloverleaf, uniq_eustachio
D:7:      layout_cave_pods, lemuel_doored_altar, minmay_temple_entry_tees
D:8:      layout_gridville, lightli_temple_of_fire, due_lair_maze_entry_diamond,
          lemuel_altar_in_water
D:9:      layout_rooms, kennysheep_mini_moat, slow_altar_1
D:10:     layout_basic, the_bakery
D:11:     layout_basic, orc_0_dummy, kennysheep_generic_room_8
D:12:     layout_stronghold, corexii_leaking_fountain,
          chequers_serial_rivers_small_3, minmay_statue_bubble
D:13:     layout_basic, basic_altar, chequers_arboretum
D:14:     minmay_wizard_corner, layout_rooms, grunt_vaults_entry_tiered,
          minmay_hedge_maze, minmay_misc_feat_encased, guppyfry_shop_venom,
          uniq_josephine
D:15:     hangedman_depths_entry_try_elsewhere_first, layout_rooms
Lair:1:   layout_cave_pods, st_stairs_4, grunt_megastairs_2, lemuel_fruit_tree
Lair:2:   layout_chaotic_city, minmay_snake_entry_six_corridors, st_stairs_5,
          chequers_serial_rivers_marsh
Lair:3:   layout_regular_city, serial_bayou_lagoon_a, infiniplex_staircase_pool,
          grunt_megastairs_3
Lair:4:   layout_loops_ring, minmay_swamp_entry_wisps, special_room
          [special_room_mythical_zoo]
Lair:5:   layout_roguey, slime_altar_1, basic_altar, lemuel_fruit_fields,
          uniq_sonja
Lair:6:   hangedman_lair_tendril_chambers, layout_cave_shapes,
          gammafunk_ghost_ooze
Swamp:1:  layout_falls_marsh, gammafunk_ghost_necromancy,
          evilmike_swamp_ruin_house_2, swamp_pool4, nicolae_swamp_little_tower
Swamp:2:  layout_basic_swamp, ebering_ghost_reflecting_pool,
          evilmike_swamp_ruin_house_5, uniq_nikola
Swamp:3:  layout_basic_swamp, nicolae_swamp_round_clearing
Swamp:4:  grunt_swamp_rune_castle, layout_basic_swamp
Snake:1:  layout_rooms, ebering_ghost_disaster_area, basic_altar, uniq_roxanne
Snake:2:  nicolae_aizul_guard, layout_honeycomb
Snake:3:  layout_onion
Snake:4:  snake_pit, layout_basic, ebering_ghost_inner_flame
Slime:1:  layout_caves
Slime:2:  layout_caves
Slime:3:  layout_caves, basic_altar, nicolae_slime_barrier
Slime:4:  layout_caves

Skill      XL: |  1  2  3  4  5  6  7  8  9 10 11 12 13 14 15 16 17 18 19 20 |
---------------+-------------------------------------------------------------+-----
Shields        | 4 5 6 7 8 10 11 12 13 14 15 16 17 18 | 18.1
Long Blades    | 3 |  3.1
Dodging        | 1 2 3 4 5 6 7 8 9 10 11 | 11.1
Stealth        | 1 |  1.4
Fighting       | 4 5 6 7 8 9 10 11 12 13 14 15 | 15.7
Polearms       | 2 4 6 7 9 11 12 13 14 15 16 18 19 20 | 20.0
Armour         | 4 5 6 7 8 9 10 11 12 13 14 | 14.0
Invocations    | 1 |  1.0
Evocations     | |  0.4

Action                   |  1- 3 |  4- 6 |  7- 9 | 10-12 | 13-15 | 16-18 | 19-21 || total
-------------------------+-------+-------+-------+-------+-------+-------+-------++-------
Melee: Long sword        |   104 |    29 |       |       |       |       |       ||   133
       Spear             |       |   119 |   418 |  1085 |       |       |       ||  1622
       Trident           |       |       |       |   187 |   478 |       |       ||   665
       Glaive            |       |       |       |       |   602 |  1065 |   539 ||  2206
Invok: Heroism           |       |       |       |     4 |     4 |     1 |       ||     9
       Finesse           |       |       |       |       |     2 |     1 |       ||     3
 Abil: Dig               |       |       |       |       |     8 |       |     1 ||     9
Evoke: Wand              |       |       |       |     6 |     3 |       |     1 ||    10
  Use: Scroll            |       |     1 |       |    11 |    11 |     8 |       ||    31
       Potion            |       |       |       |       |     4 |     6 |     3 ||    13
 Stab: Distracted        |       |       |       |       |     1 |       |       ||     1
       Confused          |       |       |       |       |     1 |       |       ||     1
  Eat: Chunk             |       |     5 |    13 |    23 |    27 |     9 |       ||    77
       Ration            |       |       |       |     2 |     5 |     6 |     7 ||    20
Armor: Scale mail        |    41 |     1 |       |       |       |       |       ||    42
       Plate armour      |       |    53 |   111 |   288 |   191 |   191 |   132 ||   966
Dodge: Dodged            |    29 |    17 |    57 |   181 |   119 |   175 |   120 ||   698
Block: Kite shield       |    58 |    62 |   145 |   360 |       |       |       ||   625
       Tower shield      |       |       |       |    31 |   764 |   797 |   431 ||  2023
       Reflection        |       |       |       |       |       |    47 |    24 ||    71
       Rpst.: Long sword |     8 |       |       |       |       |       |       ||     8
